 Dungeon Crawl Stone Soup version 0.31-a0-145-g046c7d2549 (webtiles) character file.

Game seed: 11245030548421138021

2407 omnomnOMINOUS the Ducker (level 9, 0/54 HPs)
             Began as an Octopode Wanderer on June 6, 2023.
             Was a Believer of Hepliaklqana.
             Slain by an orc warlord
             ... wielding a +3 broad axe
              (19 damage)
             ... in a bailey.
             The game lasted 00:21:52 (6822 turns).

omnomnOMINOUS the Ducker (Octopode Wanderer)        Turns: 6822, Time: 00:21:53

Health: 0/54       AC:  1    Str: 10    XL:     9   Next: 47%
Magic:  2/12       EV: 15    Int: 15    God:    Hepliaklqana [**....]
Gold:   863        SH:  7    Dex: 17    Spells: 7/12 levels left

rFire   + . .        b - +6 short sword of Gallantry {freeze, rPois Int-5 Dex+6 Stlth+}
rCold   . . .        w - +1 buckler
rNeg    . . .        (helmet restricted)
rPois   +            (no amulet)
rElec   .            m - ring of willpower
rCorr   +            o - ring of resist corrosion
SInv    +            x - ring of see invisible
Will    +....        I - ring of protection from fire
Stlth   +++++        (no ring)
HPRegen 0.29/turn    (no ring)
MPRegen 0.13/turn    (no ring)
                     (no ring)

%: no passive effects
@: no status effects
A: reduced essence, almost no armour, amphibious, 8 rings, camouflage 1,
gelatinous body 1, (nimble swimmer 1), tentacles
a: Renounce Religion, Recall Ancestor, Ancestor Identity


You were in a bailey.
You worshipped Hepliaklqana.
Hepliaklqana was pleased with you.
You visited 2 branches of the dungeon, and saw 8 of its levels.
You also visited: Bailey.

You collected 980 gold pieces.
You spent 117 gold pieces at shops.

Inventory:

Hand Weapons
 a - a +2 dagger
 b - the +6 short sword of Gallantry (weapon) {freeze, rPois Int-5 Dex+6 Stlth+}
   (You found it on level 3 of the Dungeon)

   Int:       It affects your intelligence (-5).
   Dex:       It affects your dexterity (+6).
   rPois:     It protects you from poison.
   Stlth:     It makes you more stealthy.
 l - a +0 great sword
Missiles
 p - 12 poisoned darts
 G - 2 atropa-tipped darts
Armour
 w - a +1 buckler (worn)
Magical Staves
 c - a staff of cold
Jewellery
 m - a ring of willpower (left tentacle)
 o - a ring of resist corrosion (right tentacle)
 x - a ring of see invisible (on tentacle)
 E - a ring of fire
 I - a ring of protection from fire (on tentacle)
Wands
 q - a wand of iceblast (5)
Scrolls
 d - a scroll of torment {unknown}
 f - a scroll of blinking
 g - 3 scrolls of fear
 h - a scroll of poison
 r - 2 scrolls of enchant armour
 s - a scroll of brand weapon
 t - a scroll of vulnerability
 y - 2 scrolls of immolation
 B - a scroll of teleportation
 C - a scroll of butterflies {unknown}
 F - a scroll of enchant weapon {unknown}
 H - a scroll of noise {unknown}
 J - a scroll of fog {unknown}
Potions
 e - 4 potions of curing
 i - a potion of haste
 j - 2 potions of ambrosia
 k - 3 potions of magic {unknown}
 n - 2 potions of lignification {unknown}
 u - a potion of might {unknown}
 v - 2 potions of degeneration {unknown}
 z - 3 potions of brilliance
 A - a potion of resistance {unknown}
 D - 2 potions of heal wounds
 K - a potion of mutation {unknown}


   Skills:
 + Level 5.4 Fighting
 - Level 1.5 Short Blades
 + Level 5.6 Dodging
 - Level 5.3 Stealth
 - Level 5.0 Shields
 - Level 2.0 Spellcasting
 + Level 5.2 Conjurations
 + Level 5.2 Air Magic
 + Level 2.4 Poison Magic
 - Level 1.1 Evocations


You had 7 spell levels left.
You knew the following spells:

 Your Spells              Type           Power      Damage    Failure   Level
a - Sting                 Tmut/Pois      20%        1d4       19%         1
b - Mephitic Cloud        Conj/Pois/Air  14%        N/A       16%         3
c - Apportation           Tloc           2%         N/A       30%         1

Your spell library contained the following spells:

 Spells                   Type           Power      Damage    Failure   Level
 Ozocubu's Armour         Ice            1%         N/A       67%         3
 Alistair's Intoxication  Tmut/Pois      3%         N/A       99%         5
 Ozocubu's Refrigeration  Ice            0%         4d7       100%        7


Dungeon Overview and Level Annotations

Branches:
Dungeon (7/15)             Temple (1/1) D:4          Bailey (1/1)

Altars:
Cheibriados
Dithmenos
Elyvilon
Fedhas
Gozag
Hepliaklqana
Kikubaaqudgha
Makhleb
Qazlal
Ru
Sif Muna
Trog
Vehumet
Wu Jian
Xom
Yredelemnul
The Shining One

Shops:
D:2 :   D:4 ?


Innate Abilities, Weirdness & Mutations

Your life essence is reduced to manifest your ancestor. (-10% HP)
You cannot wear most types of armour.
You are amphibious.
You can wear up to eight rings at the same time.
Your skin changes colour to match your surroundings (Stealth+).
Your rubbery body absorbs attacks. (AC +1, EV +1)
((You are camouflaged when in or above water. (Stealth+)))
You have tentacles for arms and can constrict up to eight enemies at once.


Message History

You constrict the orc warlord, but do no damage.
The orc warlord seems less confused.
You block the orc warlord's attack.
You hit the orc warlord but do no damage.
You constrict the orc warlord, but do no damage.
The orc warlord barely misses you.
Casting: Mephitic Cloud (dangerous; 16% risk of failure)
Confirm with . or Enter, or press ? or * to list all spells.
Aiming: Mephitic Cloud (dangerous; 16% risk of failure)
Press: ? - help, Shift-Dir - straight line, p - orc warlord The ball explodes into a vile cloud!
The stinking cloud engulfs the orc warlord but does no damage.
You constrict the orc warlord.
The orc warlord is engulfed in noxious fumes.
The orc warlord hits you with a +3 broad axe!!
Ouch! That really hurt!
Unknown command.
Unknown command.
You feel much better.
You constrict the orc warlord, but do no damage.
The orc warlord is engulfed in noxious fumes.
The orc warlord hits you with a +3 broad axe!
You hit the orc warlord but do no damage.
You constrict the orc warlord, but do no damage.
The orc warlord is engulfed in noxious fumes.
The orc warlord barely misses you.
You hit the orc warlord. You freeze the orc warlord.
The orc warlord is lightly wounded.
You constrict the orc warlord.
The orc warlord hits you with a +3 broad axe!!
Casting: Mephitic Cloud (dangerous; 16% risk of failure)
Confirm with . or Enter, or press ? or * to list all spells.
Aiming: Mephitic Cloud (dangerous; 16% risk of failure)
Press: ? - help, Shift-Dir - straight line The ball explodes into a vile cloud!
The stinking cloud engulfs the orc warlord but does no damage.
The orc warlord is lightly wounded.
You constrict the orc warlord.
The orc warlord is engulfed in noxious fumes.
The orc warlord hits you with a +3 broad axe!!
You die...

##..8..8...#~~~~~#.........#
#.....)....#~~~~)#..........
#..........'.(..)'....8..8..
#...8......#########...)(...
##....).####~~~#~~~##......#
##...).#~~#~.....) #.....##
##....#~........!~#....##.
#...##~8.8...8.8##....#..
#...')~.@o☼.....#.....'..
#...'~~..○☼∩....#.....'..
#...'~~..☼○☼....#...(.'..
#...##~8.8...8.8##....#..
##....#~........!~#....##.
##.....#~~#~.....=~#.....##
##..(...####~~~#~~~##......#
#...8......#########........
#..........).....'....8..8..


You could see an orc warlord.

Vanquished Creatures
  Maggie (D:6)
  A wyvern (D:7)
  An orc warrior (Bailey)
  A black bear (D:5)
  3 ogres
  A phantom (D:4)
  A centaur (D:6)
  A bullfrog (D:7)
  3 scorpions
  5 wights (D:6)
  A jelly (D:5)
  A gnoll bouda (D:7)
  3 orc priests
  2 sleepcaps (D:5)
  2 iguanas
  5 orc wizards
  A knight (Bailey)
  11 gnolls
  6 adders
  A shadow imp (D:3)
  2 white imps
  2 worms
  3 dart slugs
  24 orcs
  5 endoplasms
  2 giant cockroaches (D:2)
  8 goblins
  6 hobgoblins
  4 jackals (D:1)
  8 kobolds
  4 quokkas
  7 ball pythons
  7 bats
  4 frilled lizards
  4 rats
141 creatures vanquished.

Vanquished Creatures (collateral kills)
  An orc warrior (Bailey)
  A centaur (D:7)
  An iguana (D:6)
  A gnoll (Bailey)
  2 orcs
  A goblin (D:7)
  4 kobolds (Bailey)
11 creatures vanquished.

Vanquished Creatures (others)
  3 ancestors (D:6)
3 creatures vanquished.

Grand Total: 155 creatures vanquished

Notes
Turn   | Place    | Note
-------+----------+-------------------------------------------
     0 | D:1      | omnomnOMINOUS the Octopode Wanderer began the quest for the
                  | Orb.
     0 | D:1      | omnomnOMINOUS set off with the following items: a +2
                  | dagger, a potion of heal wounds, a scroll of vulnerability,
                  | a potion of berserk rage; and the following spell
                  | memorised: Sting; and the following spells available to
                  | memorise: Mephitic Cloud.
     0 | D:1      | Reached XP level 1. HP: 11/11 MP: 3/3
   210 | D:1      | Reached XP level 2. HP: 16/18 MP: 5/5
   265 | D:1      | Reached skill level 1 in Fighting
   265 | D:1      | Reached skill level 1 in Short Blades
   885 | D:2      | Reached XP level 3. HP: 23/23 MP: 6/6
   891 | D:2      | Learned a level 3 spell: Mephitic Cloud
   992 | D:2      | Found Huben's Book Shoppe.
  1144 | D:2      | Reached XP level 4. HP: 22/28 MP: 7/7
  1313 | D:2      | Reached skill level 1 in Conjurations
  1533 | D:2      | Reached skill level 1 in Air Magic
  1845 | D:3      | Identified the +6 short sword of Gallantry {freeze, rPois
                  | Int-5 Dex+6 Stlth+}
  2138 | D:3      | Found a shadowy altar of Dithmenos.
  2144 | D:3      | Reached XP level 5. HP: 34/34 MP: 8/8
  2389 | D:3      | Found a bloodstained altar of Trog.
  2437 | D:4      | Found a staircase to the Ecumenical Temple.
  2454 | Temple   | Entered the Ecumenical Temple
  2730 | Temple   | Became a worshipper of Hepliaklqana the Forgotten
  2865 | D:4      | Noticed an ogre
  2881 | D:4      | Killed an ogre
  2882 | D:4      | Reached skill level 1 in Shields
  3093 | D:4      | Reached XP level 6. HP: 30/41 MP: 9/9
  3208 | D:4      | Found Panorol's Magic Scroll Emporium.
  3216 | D:4      | Bought a scroll of teleportation for 39 gold pieces
  3216 | D:4      | Bought a scroll of fear for 52 gold pieces
  3216 | D:4      | Bought a scroll of identify for 26 gold pieces
  3270 | D:4      | Learned a level 1 spell: Apportation
  3634 | D:4      | Reached XP level 7. HP: 39/46 MP: 10/10
  3752 | D:5      | Entered Level 5 of the Dungeon
  4396 | D:5      | Reached XP level 8. HP: 21/54 MP: 11/11
  4759 | D:5      | Reached * piety under Hepliaklqana
  4982 | D:5      | Found an ornate altar of the Wu Jian Council.
  5219 | D:6      | Noticed Maggie
  5233 | D:6      | Killed Maggie
  5441 | D:6      | Identified a scroll of acquirement
  5441 | D:6      | Acquired 618 gold pieces
  5773 | D:6      | Reached skill level 5 in Dodging
  5788 | D:6      | Reached XP level 9. HP: 43/54 MP: 12/12
  5857 | D:6      | Reached skill level 5 in Fighting
  6084 | D:6      | Found a glowing golden altar of the Shining One.
  6408 | D:7      | Reached ** piety under Hepliaklqana
  6409 | D:7      | Remembered your ancestor om as a knight
  6468 | D:7      | Found a flagged portal.
  6478 | D:7      | Reached skill level 5 in Conjurations
  6486 | D:7      | Reached skill level 5 in Air Magic
  6517 | Bailey   | Entered a bailey
  6524 | Bailey   | Noticed an orc warlord
  6642 | Bailey   | Found a runed translucent gate.
  6655 | Bailey   | Found a runed translucent gate.
  6656 | Bailey   | Found a runed translucent gate.
  6659 | Bailey   | Reached skill level 5 in Shields
  6822 | Bailey   | Slain by an orc warlord

Illustrated notes

Levels and vault maps discovered:
D:1:      dpeg_arrival_erosion, layout_basic, serial_aquarium,
          aquarium_bridge_square [aquarium_subvault_window,
          aquarium_subvault_bridge, aquarium_subvault_wall,
          aquarium_subvault_bridge], aquarium_window_fake, aquarium_window_1,
          aquarium_view_2f, aquarium_view_2e, aquarium_balcony_3b,
          aquarium_pool_five, amcnicky_mini_corridor_feature,
          minmay_pentomino_o4
D:2:      layout_loops_ring, serial_shops, shop
D:3:      layout_loops_ring, general_overflow_altar,
          nicolae_dithmenos_through_a_glass_darkly
D:4:      layout_cave_pods, minmay_temple_entry_water_ring, serial_shops,
          shop_scrolls, hangedman_abyss_or_decor_slice
D:5:      layout_loops_ring, pdpol_wu_jian_five_deadly_venoms
D:6:      layout_layer_cave, tso_altar, minmay_misc_feat_doors, uniq_maggie
D:7:      layout_loops_ring, zin_academy, enter_bailey_5, dk_noncrumbling_3,
          grunt_ministairs_4, nicolae_figureground_pulse
Temple:   compressed_dpeg_triangle_lava_temple
Bailey:   bailey_axe_bossmonster_kennysheep, bailey

Skill      XL: |  1  2  3  4  5  6  7  8  9 |
---------------+----------------------------+-----
Fighting       | 1 2 3 4 5 |  5.4
Short Blades   | 1 |  1.5
Dodging        | 2 3 4 5 |  5.6
Conjurations   | 1 2 3 4 5 |  5.2
Air Magic      | 1 2 3 4 5 |  5.2
Shields        | 1 2 3 4 5 |  5.0
Stealth        | |  5.3
Spellcasting   | |  2.0
Poison Magic   | |  2.4
Evocations     | |  1.1

Action                     |  1- 3 |  4- 6 |  7- 9 || total
---------------------------+-------+-------+-------++-------
  Melee: Dagger            |    66 |    27 |       ||    93
         Constrict         |     9 |    11 |    35 ||    55
         Tentacles         |     9 |    16 |    30 ||    55
         Short sword       |       |    50 |   137 ||   187
         Punch             |       |       |     1 ||     1
   Cast: Mephitic Cloud    |       |       |     4 ||     4
 Invoke: Ancestor Identity |       |       |     1 ||     1
         Ancestor Life: Kn |       |       |     1 ||     1
  Evoke: Wand              |       |     2 |     2 ||     4
    Use: Scroll            |       |     4 |     9 ||    13
         Potion            |       |       |     3 ||     3
   Stab: Sleeping          |    18 |    10 |     7 ||    35
         Distracted        |       |       |     2 ||     2
 Armour: Skin              |    10 |     4 |     3 ||    17
  Dodge: Dodged            |    27 |    24 |    75 ||   126
  Block: Buckler           |       |     8 |    24 ||    32

Table legend: (Time is in decaauts)
 A = Elapsed time spent in this place.
 B = Non-inter-level travel time spent in this place.
 C = Inter-level travel time spent in this place.
 D = Time resting spent in this place.
 E = Time spent auto-exploring this place.
 F = Levels seen in this place.
 G = Mean time per level.
                   A        B        C        D        E       F      G
               +--------+--------+--------+--------+--------+-----+--------+
         Total |   6828 |   6372 |    456 |   1134 |   3896 |   9 |  758.7 |
       Dungeon |   6230 |   5776 |    454 |   1098 |   3564 |   7 |  890.0 |
        Temple |    294 |    292 |      2 |      0 |    259 |   1 |  294.0 |
        Bailey |    303 |    303 |      0 |     36 |     73 |   1 |  303.0 |
               +--------+--------+--------+--------+--------+-----+--------+

Top non-repeatable levels by time:
     D:4: 1523 daAuts
     D:5: 1166 daAuts
     D:6: 1007 daAuts
     D:1: 872 daAuts
     D:3: 827 daAuts
     D:2: 721 daAuts
  Bailey: 303 daAuts
  Temple: 294 daAuts
     D:7: 112 daAuts
